 Dungeon Crawl Stone Soup version 0.27-a0-1177-g245c70e1c0 (webtiles) character file.

Game seed: 10848178404168837371

1279 Froggeryz the Cleaver (level 8, -7/91 HPs)
             Began as a Demonspawn Berserker on May 16, 2021.
             Was a Priest of Trog.
             Mangled by an orc warrior
             ... wielding a +0 war axe
              (15 damage)
             ... on level 6 of the Dungeon.
             The game lasted 00:05:12 (6498 turns).

Froggeryz the Cleaver (Demonspawn Berserker)        Turns: 6498, Time: 00:05:12

Health: -7/91      AC:  7    Str: 19    XL:     8   Next: 29%
Magic:  8/8        EV: 11    Int:  9    God:    Trog [***...]
Gold:   321        SH:  0    Dex: 13    Spells: 7/7 levels left

rFire    . . .     SeeInvis .   a - +0 hand axe
rCold    . . .     Faith    .   (no shield)
rNeg     . . .     Spirit   .   j - +0 ring mail
rPois    .         Reflect  .   (helmet restricted)
rElec    .         Harm     .   q - +0 cloak
rCorr    .         Rampage  .   (no gloves)
Will     .....                  o - +0 pair of boots
Stlth    ..........             (no amulet)
HPRegen  1.25/turn              i - +4 ring of protection
MPRegen  0.22/turn              (no ring)

@: berserking, corroded, very quick
A: antennae 1, claws 1, talons 2, powered by death 1, magic regeneration
a: Renounce Religion, Berserk, Trog's Hand


You were on level 6 of the Dungeon.
You worshipped Trog.
Trog was most pleased with you.
You visited 1 branch of the dungeon, and saw 6 of its levels.

You collected 321 gold pieces.

Inventory:

Hand Weapons
 a - a +0 hand axe (weapon)
Missiles
 y - 2 throwing nets
Armour
 j - a +0 ring mail (worn)
 o - a +0 pair of boots (worn)
 q - a +0 cloak (worn)
Jewellery
 i - a +4 ring of protection (left claw)
Wands
 r - a wand of charming (17)
 x - a wand of iceblast (7)
Scrolls
 b - a scroll of summoning {unknown}
 c - 8 scrolls of teleportation {unknown}
 e - 4 scrolls of identify {unknown}
 f - a scroll of fog {unknown}
 l - 5 scrolls of amnesia {unknown}
 p - 3 scrolls of immolation {unknown}
 v - a scroll of vulnerability {unknown}
 w - 2 scrolls of enchant armour {unknown}
Potions
 d - 2 potions of degeneration {unknown}
 g - a potion of berserk rage {unknown}
 h - a potion of invisibility {unknown}
 k - a potion of ambrosia {unknown}
 m - a potion of attraction {unknown}
 n - a potion of brilliance {unknown}
 s - 2 potions of flight {unknown}
 t - a potion of haste {unknown}
 u - 2 potions of might {unknown}
 z - a potion of curing {unknown}


   Skills:
 + Level 4.3 Fighting
 * Level 9.2 Axes
 - Level 1.7 Armour
 - Level 1.7 Dodging


You had 7 spell levels left.
You didn't know any spells.
Your spell library was empty.

Dungeon Overview and Level Annotations

Branches:
Dungeon (6/15)
 Temple: D:4-7

Altars:

Shops:
D:2 (([*


Innate Abilities, Weirdness & Mutations

You have a pair of small antennae on your head.
You have sharp fingernails.
You have razor-sharp toenails.
You regenerate a little health from kills.
You regenerate magic rapidly.


Message History

You slash the gnoll!
The gnoll is severely wounded.
You slash the gnoll!
You kill the gnoll!
Trog accepts your kill.
You barely miss the orc wizard. You barely miss the orc.
The orc wizard hits you but does no damage.
The gnoll closely misses you.
You hit the orc.
You kill the orc!
Trog accepts your kill.
You closely miss the gnoll. You hit the orc wizard.
The centaur shoots an arrow.
The arrow hits you.
You hit the orc wizard.
The orc wizard is severely wounded.
You closely miss the gnoll. You barely miss the jelly.
The orc wizard points at you and mumbles some strange words.
The magic dart hits you but does no damage.
The gnoll hits you from afar with a +0 vampiric spear.
* * * LOW HITPOINT WARNING * * *
The centaur shoots an arrow.
The arrow hits you!
* * * LOW HITPOINT WARNING * * *
The gnoll hits you with a +0 whip.
* * * LOW HITPOINT WARNING * * *
You slash the jelly! The acid corrodes you!
Your claws burn!
* * * LOW HITPOINT WARNING * * *
The jelly is almost dead.
You hit the orc wizard. You barely miss the gnoll.
The jelly closely misses you.
The orc wizard hits you but does no damage.
You slash the jelly!
You kill the jelly!
Trog accepts your kill.
You barely miss the gnoll.
You hit the orc warrior but do no damage.
You hit the orc wizard. The gnoll barely misses you.
The gnoll hits you with a +0 whip.
* * * LOW HITPOINT WARNING * * *
The orc warrior hits you with a +0 war axe!
You die...

....# ..... #.###$.#
...... ........# .....
..#.....#
#...####........#
#.......##......
###gggo.......#
#...)@o.......#... ...
#.............##.# ...
##............##.##...
#....c...#.....#.......
..........###.###.......
..........##....#....#
..........##.........###
........................
..................[....


You could see an orc warrior, a centaur, an orc wizard and 3 gnolls.

Vanquished Creatures
  2 black bears
  A necrophage (D:5)
  An ice beast (D:5)
  5 ogres
  A gnoll sergeant (D:6)
  A hound (D:5)
  A jelly (D:6)
  2 iguanas (D:5)
  3 orc wizards
  A killer bee zombie (D:4)
  10 gnolls
  7 adders
  An adder skeleton (D:5)
  3 worms
  2 dart slugs (D:5)
  8 orcs
  3 bats
  3 endoplasms
  3 giant cockroaches
  10 goblins
  5 hobgoblins
  8 jackals (D:2)
  2 quokkas
  8 ball pythons
  3 frilled lizards
  4 kobolds
  8 rats
106 creatures vanquished.

Notes
Turn   | Place    | Note
-------+----------+-------------------------------------------
     0 | D:1      | Froggeryz the Demonspawn Berserker began the quest for the
                  | Orb.
     0 | D:1      | Reached XP level 1. HP: 18/18 MP: 1/1
    90 | D:1      | Reached skill level 3 in Axes
   188 | D:1      | Gained mutation: You have a pair of small antennae on your
                  | head. [demonic ancestry]
   188 | D:1      | Reached XP level 2. HP: 24/24 MP: 2/2
   871 | D:1      | Found a faded altar of an unknown god.
   996 | D:2      | Found Xifriseozu's Weapon Shop.
  1062 | D:2      | Found Xegofin's Antique Weapon Boutique.
  1083 | D:2      | Reached ** piety under Trog
  1086 | D:2      | Gained mutation: You have sharp fingernails. [demonic
                  | ancestry]
  1086 | D:2      | Reached XP level 3. HP: 24/29 MP: 3/3
  1326 | D:2      | Reached skill level 4 in Axes
  1369 | D:2      | Found Meyxt's Antique Armour Boutique.
  1389 | D:2      | Found Fuicaw's General Store.
  1916 | D:2      | Gained mutation: You have sharp toenails. [demonic
                  | ancestry]
  1916 | D:2      | Reached XP level 4. HP: 25/35 MP: 4/4
  2417 | D:3      | Reached skill level 5 in Axes
  2689 | D:3      | Reached *** piety under Trog
  2690 | D:3      | Gained mutation: You have razor-sharp toenails. [demonic
                  | ancestry]
  2690 | D:3      | Reached XP level 5. HP: 37/41 MP: 5/5
  2994 | D:4      | Noticed an ogre
  3001 | D:4      | Killed an ogre
  3411 | D:4      | Reached skill level 6 in Axes
  3577 | D:4      | Gained mutation: You regenerate a little health from kills.
                  | [demonic ancestry]
  3577 | D:4      | Reached XP level 6. HP: 47/47 MP: 6/6
  3903 | D:5      | Entered Level 5 of the Dungeon
  4160 | D:5      | Reached skill level 7 in Axes
  4244 | D:5      | Reached XP level 7. HP: 29/52 MP: 7/7
  5039 | D:5      | Reached skill level 8 in Axes
  5990 | D:5      | Gained mutation: You regenerate magic rapidly. [demonic
                  | ancestry]
  5990 | D:5      | Reached XP level 8. HP: 60/60 MP: 8/8
  6172 | D:6      | Reached skill level 9 in Axes
  6181 | D:6      | HP: 1/60 [black bear (6)]
  6498 | D:6      | Mangled by an orc warrior

Illustrated notes

Levels and vault maps discovered:
D:1:      beargit_arrival_greenhouse, layout_loops_cross,
          ebering_ecumenical_altar_petrified
D:2:      layout_basic, serial_shops,
          nicolae_shop_temple_entry_statues_fountains, nicolae_shop_statue_plus,
          nicolae_shop_waterfront, nicolae_shop_behind_doors
D:3:      layout_rooms, st_stairs_12, minivault_19
D:4:      layout_loops_cross
D:5:      layout_basic, minmay_misc_feat_iff, st_stairs_1
D:6:      layout_cave_pools

Skill      XL: |  1  2  3  4  5  6  7  8 |
---------------+-------------------------+-----
Axes           | 3 4 5 6 7 8 9 |  9.2
Fighting       | 4 |  4.3
Armour         | |  1.7
Dodging        | |  1.7

Action                   |  1- 3 |  4- 6 |  7- 9 || total
-------------------------+-------+-------+-------++-------
Melee: Hand axe          |   136 |   183 |   144 ||   463
Invok: Berserk           |       |     5 |     6 ||    11
 Stab: Sleeping          |     3 |       |       ||     3
Armor: Animal skin       |     7 |       |       ||     7
       Ring mail         |    40 |    88 |    82 ||   210
Dodge: Dodged            |    89 |    95 |    87 ||   271

Table legend: (Time is in decaauts)
 A = Elapsed time spent in this place.
 B = Non-inter-level travel time spent in this place.
 C = Inter-level travel time spent in this place.
 D = Time resting spent in this place.
 E = Time spent auto-exploring this place.
 F = Levels seen in this place.
 G = Mean time per level.
                   A        B        C        D        E       F      G
               +--------+--------+--------+--------+--------+-----+--------+
         Total |   6619 |   6459 |    160 |   1461 |   4183 |   6 | 1103.2 |
       Dungeon |   6619 |   6459 |    160 |   1461 |   4183 |   6 | 1103.2 |
               +--------+--------+--------+--------+--------+-----+--------+

Top non-repeatable levels by time:
     D:5: 2559 daAuts
     D:3: 1068 daAuts
     D:2: 1049 daAuts
     D:1: 999 daAuts
     D:4: 872 daAuts
     D:6: 70 daAuts
